 Dungeon Crawl Stone Soup version 0.18-a0-1572-g0a86841 (webtiles) character file.

718 dorian the Chopper (level 7, -4/61 HPs)
             Began as a Deep Dwarf Fighter on Mar 15, 2016.
             Slain by an ogre
             ... wielding a +0 giant club
              (7 damage)
             ... on level 4 of the Dungeon.
             The game lasted 00:07:34 (2247 turns).

dorian the Chopper (Deep Dwarf Fighter)             Turns: 2247, Time: 00:07:34

Health: -4/61      AC: 10    Str: 21    XL:     7   Next: 42%
Magic:  11/11      EV:  7    Int:  9    God:
Gold:   217        SH:  9    Dex: 12    Spells: 0 memorised, 6 levels left

rFire  . . .     SeeInvis .     a - +0 war axe
rCold  . . .     Gourm    .     b - +0 scale mail
rNeg   + . .     Faith    .     c - +0 shield
rPois  .         Spirit   .     E - +0 helmet
rElec  .         Dismiss  .     (no cloak)
rCorr  .         Reflect  .     C - +0 pair of gloves (curse)
SustAt .         Harm     .     i - +0 pair of boots
MR     +....                    (no amulet)
Stlth  ..........               (no ring)
                                w - ring of positive energy

@: non-regenerating, somewhat resistant to hostile enchantments, extremely
unstealthy
A: damage resistance, recharge devices, sense surroundings 1, slow regeneration
3
a: Device Recharging


You were on level 4 of the Dungeon.
You were not hungry.

You visited 1 branch of the dungeon, and saw 4 of its levels.

You collected 217 gold pieces.

Inventory:

Hand Weapons
 a - a +0 war axe (weapon)
 t - a +0 antimagic halberd
Armour
 b - a +0 scale mail (worn)
 c - a +0 shield (worn)
 i - a +0 pair of boots (worn)
 y - a +0 plate armour
 C - a cursed +0 pair of gloves (worn)
 E - a +0 helmet (worn)
Jewellery
 w - a ring of positive energy (left hand)
Wands
 e - a wand of heal wounds (0/9)
Scrolls
 g - 4 scrolls of noise {unknown}
 j - a scroll of enchant weapon {unknown}
 k - 2 scrolls of enchant armour {unknown}
 n - 3 scrolls of identify {unknown}
 p - 3 scrolls of teleportation {unknown}
 q - 3 scrolls of random uselessness {unknown}
 r - 2 scrolls of fear {unknown}
 u - 2 scrolls of blinking {unknown}
 v - a scroll of amnesia {unknown}
 x - 3 scrolls of magic mapping {unknown}
 D - a scroll of remove curse {unknown}
 G - a scroll of recharging {unknown}
Potions
 l - a potion of brilliance {unknown}
 s - a potion of ambrosia {unknown}
 z - a potion of haste
 A - 3 potions of curing {unknown}
 B - a potion of lignification {unknown}
 F - a potion of degeneration {unknown}
Comestibles
 d - 14 chunks of flesh
 f - 4 bread rations
 h - 3 slices of pizza
 o - a meat ration


   Skills:
 - Level 2.6 Fighting
 * Level 7.6 Axes
 - Level 3.2 Armour
 - Level 3.2 Shields
 + Level 6.0 Evocations


You had 6 spell levels left.
You didn't know any spells.

Dungeon Overview and Level Annotations

Branches:
Dungeon (4/15)
 Temple: D:4-7

Altars:
Ashenzari
Yredelemnul


Innate Abilities, Weirdness & Mutations

You are resistant to damage.
You can recharge devices by infusing magical energy.
You passively map a small area around you.
You do not regenerate naturally.


Message History

The ogre hits you with a giant club!
* * * LOW HITPOINT WARNING * * *
You are too injured to fight recklessly!
You are too injured to fight recklessly!
You are too injured to fight recklessly!
You are too injured to fight recklessly!
You are too injured to fight recklessly!
You are too injured to fight recklessly!
You are too injured to fight recklessly!
You slash the ogre!
The ogre is moderately wounded.
You block the ogre's attack.
You slash the ogre!
The ogre is severely wounded.
The ogre hits you with a giant club!
* * * LOW HITPOINT WARNING * * *
Your shield prevents you from hitting the ogre.
The ogre is severely wounded.
The ogre hits you with a giant club!
You die...

#.......#..#
#.......#.##
##.......#.
#.........#
#.......#.#
##.........#
#.........#
#.........##
......O@...##
.......###..###
.....## ##...##
### ...#
###..## ###.# *
, .#*
##..####.... ,
, ##..#......
##........
##.........
##..........


You could see an ogre.

Vanquished Creatures
  The ghost of dorian the Chopper, an amateur DDFi (D:4)
  3 ogres (D:4)
  2 orc wizards (D:3)
  A worker ant (D:3)
  A gnoll (D:4)
  7 adders
  5 worms
  2 dart slugs (D:1)
  3 giant geckos
  7 orcs
  3 giant cockroaches
  10 hobgoblins
  2 jackals (D:1)
  2 quokkas
  11 bats
  5 giant newts
  8 goblins
  4 kobolds
  7 rats
84 creatures vanquished.

Notes
Turn   | Place    | Note
--------------------------------------------------------------
     0 | D:1      | dorian the Deep Dwarf Fighter began the quest for the Orb.
     0 | D:1      | Reached XP level 1. HP: 20/20 MP: 1/1
    26 | D:1      | Reached skill level 1 in Evocations
    40 | D:1      | Reached XP level 2. HP: 22/27 MP: 1/3
   147 | D:1      | Reached skill level 3 in Axes
   450 | D:2      | Reached XP level 3. HP: 23/33 MP: 4/4
   820 | D:2      | Reached skill level 4 in Axes
   820 | D:2      | Reached XP level 4. HP: 32/40 MP: 6/6
  1411 | D:3      | Reached XP level 5. HP: 27/46 MP: 7/7
  1642 | D:3      | Reached skill level 5 in Axes
  1819 | D:3      | Found a basalt altar of Yredelemnul.
  1819 | D:3      | Found a shattered altar of Ashenzari.
  1911 | D:4      | Noticed an ogre
  1925 | D:4      | Killed an ogre
  1925 | D:4      | Reached XP level 6. HP: 35/55 MP: 9/9
  2096 | D:4      | Reached skill level 6 in Axes
  2100 | D:4      | Reached skill level 5 in Evocations
  2145 | D:4      | Noticed dorian's ghost (amateur DDFi)
  2185 | D:4      | Killed dorian's ghost
  2185 | D:4      | Reached skill level 7 in Axes
  2185 | D:4      | Reached XP level 7. HP: 24/61 MP: 9/11
  2246 | D:4      | HP: 3/61 [ogre/giant club (11)]
  2247 | D:4      | Slain by an ogre

Vault maps used:
D:1:      tarquinn_simple_flora_water_f, hex_intersection, fountainhead
D:2:      first_bread
D:3:      kennysheep_six_static_rooms, gammafunk_temple_overflow_wave
D:4:      serial_shops, shop, minmay_misc_feat_chi, st_stairs_12, uniq_grinder

Skill      XL: |  1  2  3  4  5  6  7 |
---------------+----------------------+-----
Evocations     | 1 2 3 4 5 6 |  6.0
Axes           | 3 4 5 7 |  7.6
Fighting       | |  2.6
Armour         | |  3.2
Shields        | |  3.2

Action                   |  1- 3 |  4- 6 |  7- 9 || total
-------------------------+-------+-------+-------++-------
Melee: War axe           |   140 |   214 |    11 ||   365
Evoke: Wand              |     1 |     4 |       ||     5
  Use: Potion            |       |     1 |       ||     1
  Eat: Chunk             |       |     5 |       ||     5
